Cogmind - Beta 13 @@@ ROGUE MODE // 2024.04.03 @ 16:47:37 Player: Sage Result: Destroyed by Autobeam Turret with Autobeam Performance ------------- Evolutions (0) 0 Regions Visited (3) 600 Robots Destroyed (25) 125 Value Destroyed (723) 723 Prototype IDs (2) 40 Alien Tech Used (0) 0 Bonus (150) 150 TOTAL SCORE: 1638 Bonus ------- Follower Combat Kills 150 Cogmind --------- Core Integrity 0/250 Matter 267/300 Energy 98/100 System Corruption 0% Temperature Cool (30) Movement Walking (130) Location -10/Subcaves Parts ------- > --- POWER (1) -------- (None) > --- PROPULSION (2) --- Carbon-fiber Leg Makeshift Leg > --- UTILITY (2) ------ Small Storage Unit Signal Interpreter > --- WEAPON (2) ------- Barrage Gun Barrage Gun > --- INVENTORY (8) ---- Improved Ion Engine Makeshift Leg Structural Scanner Makeshift Light Armor Plating Riot Gun Grenade Launcher Hammer Peak State ------------ > --- POWER ------------ Improved Ion Engine > --- PROPULSION ------- Carbon-fiber Leg Makeshift Leg > --- UTILITY ---------- Small Storage Unit Signal Interpreter > --- WEAPON ----------- Barrage Gun Barrage Gun > --- INVENTORY -------- Improved Ion Engine Makeshift Leg Structural Scanner Makeshift Light Armor Plating Riot Gun Grenade Launcher Hammer [Rating: 18] Favorites ----------- Power Improved Ion Engine Engine Improved Ion Engine Propulsion Light Treads Treads Light Treads Leg Carbon-fiber Leg Utility Small Storage Unit Device Structural Scanner Storage Small Storage Unit Processor Signal Interpreter Weapon Light Cannon Energy Gun Subdweller Laser Ballistic Gun Assault Rifle Ballistic Cannon Light Cannon Launcher Grenade Launcher Impact Weapon Hammer Build | -11 -10 -10 -10 ------- Run | Yrd Mat Min Sub Slots Evolved . | . . . . Power . | . . . . Propulsion . | . . . . Utility . | . . . . Weapon . | . . . . Parts Attached 34 | 7 8 . 19 Power 3 | 2 1 . . Engine 3 | 2 1 . . Core . | . . . . Reactor . | . . . . Propulsion 7 | 2 1 . 4 Treads 3 | 2 1 . . Leg 4 | . . . 4 Wheel . | . . . . Hover . | . . . . Flight . | . . . . Utility 3 | 1 2 . . Device 1 | . 1 . . Storage 1 | 1 . . . Processor 1 | . 1 . . Hackware . | . . . . Protection . | . . . . Artifact . | . . . . Weapon 21 | 2 4 . 15 Energy Gun 6 | . . . 6 Energy Cannon . | . . . . Ballistic Gun 5 | 2 1 . 2 Ballistic Cannon 5 | . 1 . 4 Launcher 2 | . 2 . . Special Weapon . | . . . . Impact Weapon 3 | . . . 3 Slashing Weapon . | . . . . Piercing Weapon . | . . . . Special Melee Weapon . | . . . . Unidentified Prototypes . | . . . . Parts Lost 3 | . . . 3 Power 1 | . . . 1 Propulsion 1 | . . . 1 Utility . | . . . . Weapon 1 | . . . 1 Highest Loss Streak 2 | . . . 2 To Critical Strikes . | . . . . Average Slot Usage (%) 99 | . 96 100 99 Engine 14 | . 14 14 14 Treads 24 | . 28 28 18 Leg 3 | . . . 9 Device 2 | . 9 . . Storage 14 | . 14 14 14 Processor 10 | . 1 14 14 Energy Gun 5 | . . . 12 Ballistic Gun 1 | . 6 . . Ballistic Cannon 12 | . 11 14 12 Launcher 7 | . 10 14 . Naked Turns . | . . . . Heaviest Build 19 | 13 19 18 19 Greatest Support 40 | 40 40 40 40 Greatest Overweight (x) . | . . . . Average Overweight (x) . | . . . . Largest Inventory Capacity 8 | 8 8 8 8 Average Capacity 7 | 6 8 8 8 Most Carried 8 | 3 8 8 8 Average Carried 7 | 1 7 7 7 Final Capacity 8 | 8 8 8 8 Final Carried 8 | 3 8 8 7 Class Distribution -------------------- 100% | Mutant Dominant Class ---------------- Mutant | -10/Materials Mutant | -10/Mines Mutant | -10/Subcaves Resources | -11 -10 -10 -10 ----------- Run | Yrd Mat Min Sub Matter Collected 887 | 270 218 131 268 Remotely . | . . . . Salvage Created 627 | . 331 97 199 Parts 34 | . 15 7 12 Haulers Intercepted 1 | . 1 . . Recyclers Shooed . | . . . . Parts Field Recycled . | . . . . Retrieved Matter . | . . . . Parts Self-Destructed 8 | . . . 8 Prevented 1 | . . . 1 Kills | -11 -10 -10 -10 ------- Run | Yrd Mat Min Sub Combat Hostiles Destroyed 22 | . 10 4 8 Melee 1 | . . . 1 Guns 6 | . 2 . 4 Cannons 8 | . 2 3 3 AOE 7 | . 6 1 . Classes Destroyed 7 | . 3 2 2 Worker 1 | . 1 . . Hauler 1 | . 1 . . Recycler 1 | . . 1 . Swarmer 6 | . . 4 2 Grunt 10 | . 10 . . Sentry 1 | . . . 1 Subdweller 5 | . . . 5 Best Kill Streak 4 | . 4 3 2 Combat Bots Only 3 | . 2 3 2 Max Kills in Single Turn 2 | . 2 2 1 Gunslinging . | . . . . Exploded 1 | . 1 1 . Melee 1 | . . . 1 Uniques/NPCs Destroyed . | . . . . Combat | -11 -10 -10 -10 -------- Run | Yrd Mat Min Sub Hostile Shots Fired 116 | . 37 10 69 Missed 37 | . 11 4 22 Damage Taken 1148 | . 398 48 702 Core 251 | . 94 16 141 Absorbed by Shields . | . . . . Core Remaining (%) 100 | 100 . . . Volleys Fired 57 | . 27 6 24 Largest 2 | . 2 2 2 Hottest 99 | . 65 65 99 Shots Fired 108 | . 53 7 48 Gun 55 | . 29 . 26 Cannon 39 | . 11 6 22 Launcher 14 | . 13 1 . Special . | . . . . Kinetic 72 | . 40 6 26 Thermal 7 | . . . 7 Explosive 14 | . 13 1 . Electromagnetic 15 | . . . 15 Robot Hit Streak 14 | . 14 1 12 Robot Miss Streak 5 | . 5 2 4 Penetration Max . | . . . . Secondary Targets 1 | . 1 . . Max Gunslinging Chain 1 | . 1 . . Shots Hit Robots 68 | . 29 2 37 Core Hits 46 | . 25 5 16 Critical Kills . | . . . . Critical Parts Destroyed . | . . . . Critical Strikes 1 | . . . 1 Blast 1 | . . . 1 Melee Attacks 23 | . . . 23 Impact 23 | . . . 23 Slashing . | . . . . Piercing . | . . . . Sneak Attacks . | . . . . Combat Hostiles . | . . . . Follow-up Attacks . | . . . . Damage Inflicted 1922 | . 1025 158 739 Guns 516 | . 203 . 313 Cannons 529 | . 118 87 324 Explosions 823 | . 704 71 48 Melee 54 | . . . 54 Ramming . | . . . . Kinetic 776 | . 321 87 368 Thermal 168 | . . . 168 Explosive 775 | . 704 71 . Electromagnetic 149 | . . . 149 Impact 54 | . . . 54 Slashing . | . . . . Piercing . | . . . . Highest Corruption . | . . . . Average Corruption . | . . . . Corruption Purged . | . . . . Corruption Blocked . | . . . . Overload Shots . | . . . . Overflow Damage 8 | . 8 . . Projectiles . | . . . . Explosions 8 | . 8 . . Melee . | . . . . Knockbacks 4 | . 2 . 2 Impact . | . . . . Kinetic 4 | . 2 . 2 Secondary . | . . . . Self-Inflicted Damage 47 | . 47 . . Shots 2 | . 2 . . Rammed . | . . . . Targets Rammed . | . . . . Kicked . | . . . . Crushed . | . . . . Highest Temperature 66 | . 66 6 2 Average Temperature 17 | . 18 3 1 Received Heat Transfer 405 | . 222 . 183 Siege Activations . | . . . . Robots Corrupted . | . . . . Combat Hostiles . | . . . . Parts Fried . | . . . . Impact Corruptions . | . . . . Robots Melted . | . . . . Combat Hostiles . | . . . . Parts Melted . | . . . . Heat Transferred 200 | . . . 200 Parts Sabotaged . | . . . . Parts Stolen . | . . . . Parts Stripped . | . . . . Power Chain Reactions 1 | . . . 1 Alert | -11 -10 -10 -10 ------- Run | Yrd Mat Min Sub Peak Influence 189 | . 189 76 . Initial 36 | . . 36 . Average 63 | . 106 31 . Maximum Alert Level . | . . . . Low Security (%) 100 | 100 100 100 . Level 1 . | . . . . Level 2 . | . . . . Level 3 . | . . . . Level 4 . | . . . . Level 5 . | . . . . High Security . | . . . . Max Security . | . . . . Squads Dispatched 2 | . 2 . . Investigation 2 | . 2 . . Extermination . | . . . . Reinforcement . | . . . . Assault . | . . . . Garrison . | . . . . Intercept . | . . . . Searches Triggered . | . . . . Construction Impeded . | . . . . Haulers Reinforced . | . . . . Active Scanning Responses . | . . . . Cargo Convoy Interrupts . | . . . . Stealth | -11 -10 -10 -10 --------- Run | Yrd Mat Min Sub Distress Signals . | . . . . Communications Jammed . | . . . . Distress Signals . | . . . . Times Spotted 65 | . 19 4 42 Peak Tracking Total 5 | . 3 3 5 Tactical Retreats 2 | . . . 2 Traps | -11 -10 -10 -10 ------- Run | Yrd Mat Min Sub Traps Triggered 3 | . 2 . 1 Indirectly . | . . . . Trap Hack Attempts . | . . . . Triggered . | . . . . Disarmed . | . . . . Reprogrammed . | . . . . Reused . | . . . . Traps Extracted . | . . . . Installed . | . . . . Triggered 2 | . . . 2 Machines | -11 -10 -10 -10 ---------- Run | Yrd Mat Min Sub Machines Disabled 3 | . 3 . . Max in Single Turn 1 | . 1 . . Machines Repaired . | . . . . Machines Dismantled . | . . . . Machines Sabotaged . | . . . . Overloaded Fab Kills . | . . . . Hacking | -11 -10 -10 -10 --------- Run | Yrd Mat Min Sub Machines Accessed 5 | . 4 . 1 Terminals 3 | . 3 . . Fabricators . | . . . . Repair Stations . | . . . . Recycling Units 1 | . 1 . . Scanalyzers . | . . . . Garrison Access . | . . . . Total Hacks 18 | . 12 . 6 Successful 12 | . 6 . 6 Failed 6 | . 6 . . Catastrophic 1 | . 1 . . Database Lockouts . | . . . . Manual 3 | . . . 3 Terminals 10 | . 10 . . Fabricators . | . . . . Repair Stations . | . . . . Recycling Units 2 | . 2 . . Scanalyzers . | . . . . Garrison Access . | . . . . Terminal Hacks 11 | . 5 . 6 Record 6 | . . . 6 Prototype ID Bank 1 | . 1 . . Maintenance Status 1 | . 1 . . Investigation Status 1 | . 1 . . Reinforcement Status 1 | . 1 . . Zone Layout 1 | . 1 . . Fabricator Hacks . | . . . . Repair Station Hacks . | . . . . Recycling Unit Hacks 1 | . 1 . . Report Inventory 1 | . 1 . . Scanalyzer . | . . . . Garrison Access Hacks . | . . . . Unauthorized Hacks . | . . . . Terminals . | . . . . Fabricators . | . . . . Repair Stations . | . . . . Recycling Units . | . . . . Scanalyzers . | . . . . Garrison Access . | . . . . Data Cores Recovered . | . . . . Used . | . . . . Hacking Detections 4 | . 4 . . Full Trace Events . | . . . . Feedback Events . | . . . . Feedback Blocked . | . . . . Robot Schematics Acquired . | . . . . Robots Built . | . . . . Authchips . | . . . . Time . | . . . . Total Robot Build Rating . | . . . . Part Schematics Acquired . | . . . . Parts Built . | . . . . Authchips . | . . . . Time . | . . . . Total Part Build Rating . | . . . . Parts Repaired . | . . . . Time . | . . . . Parts Recycled . | . . . . Recycled Matter . | . . . . Retrieved Matter . | . . . . Retrieved Components . | . . . . Parts Scanalyzed . | . . . . Part Schematics Acquired . | . . . . Parts Damaged . | . . . . Bothacking | -11 -10 -10 -10 ------------ Run | Yrd Mat Min Sub Used RIF Installer . | . . . . Robots Hacked . | . . . . Non-combat . | . . . . Combat . | . . . . Robot Hacks Applied . | . . . . Relay Couplers Released . | . . . . Fabnet Peak Effective % . | . . . . Robots Rewired . | . . . . Allies Hacked . | . . . . Hacks Repelled . | . . . . Allies | -11 -10 -10 -10 -------- Run | Yrd Mat Min Sub Total Allies 3 | . . 3 . Largest Group 3 | . . 3 3 Highest-Rated Group 40 | . . 40 40 Highest-Rated Ally 16 | . . 16 16 Total Orders . | . . . . Ally Attacks 35 | . . . 35 Total Damage 391 | . . . 391 Kills 5 | . . . 5 Allies Corrupted . | . . . . Allies Melted . | . . . . Intel | -11 -10 -10 -10 ------- Run | Yrd Mat Min Sub Robot Analysis Total . | . . . . Derelict Logs Recovered 4 | . . 2 2 Drone Launches . | . . . . Drone Recoveries . | . . . . Exploration | -11 -10 -10 -10 ------------- Run | Yrd Mat Min Sub Turns Passed 3877 | 63 974 1181 1659 Spaces Moved 2170 | 33 539 633 965 Core 4 | 4 . . . Treads 1891 | 29 539 633 690 Legs 275 | . . . 275 Wheels . | . . . . Hover . | . . . . Flight . | . . . . Fastest Speed 50 | 50 160 160 120 Average Speed 155 | 146 160 160 149 Slowest Speed 160 | 160 160 160 160 Overloaded Moves . | . . . . Propulsion Burnouts . | . . . . Robots Hopped . | . . . . Cave-ins Triggered . | . . . . Exploration Rate (%) 59 | 4 79 99 57 Regions Visited 3 Branch Regions 2 Pre-discovered Areas 2 | . . . 2 Known Exits Taken 2 | . 1 1 . Unknown Exits Taken 1 | 1 . . . Scrap Searched 10 | . . 2 8 Spaces Dug 3 | . . . 3 Terrain Destroyed 77 | . 64 6 7 Melee 3 | . . . 3 Projectile 1 | . . . 1 AOE 73 | . 64 6 3 Terrain Rammed . | . . . . Walls Destroyed . | . . . . Machines Disabled . | . . . . Actions | -11 -10 -10 -10 --------- Run | Yrd Mat Min Sub Total 2531 | 44 601 795 1091 Wait 211 | 3 9 155 44 Move 2167 | 32 538 632 965 Hop . | . . . . Pick Up 20 | 2 11 1 6 Fast Attach 9 | 6 1 . 2 Attach 2 | . . . 2 Detach . | . . . . Swap 23 | 1 7 . 15 Drop 19 | . 8 1 10 Fire 57 | . 27 6 24 Melee 23 | . . . 23 Ram . | . . . . Kick . | . . . . Crush . | . . . . Escape Stasis . | . . . . Rewire . | . . . . Trap . | . . . . Miscellaneous . | . . . . Route ------- -11/Scrapyard -10/Materials (discovered 3 exits: *Mat x2 / *Min) -10/Mines (discovered 3 exits: *Mat x2 / *Sub) -10/Subcaves (discovered 3 exits: *Mat x2 / [*Rec]) History --------- Turn | Location | Event 7 | -11/Scrapyard | Discovered new exit (range 15) 64 | -11/Scrapyard | Entered Materials 309 | -10/Materials | Build established: Mutant 355 | -10/Materials | Discovered new exit (range 12) 557 | -10/Materials | Discovered new exit (range 11) 864 | -10/Materials | Discovered new exit (range 10) 1036 | -10/Materials | Identified exit to Mines 1038 | -10/Materials | Entered Mines 1046 | -10/Mines | Met a Derelict bent on vengeance 1141 | -10/Mines | Discovered new exit (range 8) 1152 | -10/Mines | Identified exit to Materials 1292 | -10/Mines | Discovered exit to Materials (range 6) 1609 | -10/Mines | Learned Materials terminal intel 2070 | -10/Mines | Assisted by bots powering up and referring to "LRC-V3" 2211 | -10/Mines | Discovered new exit (range 5) 2216 | -10/Mines | Identified exit to Subcaves 2219 | -10/Mines | Entered Subcaves 2219 | -10/Subcaves | Accompanied by 3 allies 2232 | -10/Subcaves | Shifting Twisted Machinery released Battle Cannon 2254 | -10/Subcaves | Shifting Twisted Machinery released Sub. Monowheel 2595 | -10/Subcaves | A swath of the cavern ceiling suddenly collapsed 2776 | -10/Subcaves | Visited Clippyterm 2780 | -10/Subcaves | Learned location of Deep Caves (-6) 2780 | -10/Subcaves | Learned Factory stockpile data 2905 | -10/Subcaves | Discovered new exit (range 10) 2914 | -10/Subcaves | Learned 4 Materials zone layouts 2936 | -10/Subcaves | Core integrity fell below 50% 3013 | -10/Subcaves | Identified exit to Materials 3250 | -10/Subcaves | Learned location of Zion (-6) 3304 | -10/Subcaves | Discovered exit to Materials (range 11) 3439 | -10/Subcaves | Shifting Twisted Machinery released Sub. Beam Cannon 3449 | -10/Subcaves | Shifting Twisted Machinery released Barrage Gun 3705 | -10/Subcaves | Core integrity fell below 20% 3818 | -10/Subcaves | Shifting Twisted Machinery released Riot Gun 3827 | -10/Subcaves | Shifting Twisted Machinery released Piercing Trap 3867 | -10/Subcaves | Discovered new exit (range 14) 3878 | -10/Subcaves | Destroyed by Autobeam Turret with Autobeam Last Messages --------------- 03736_ Dropped Aluminum Leg. 03738_ Dropped Mak. Leg. 03740_ Acquired 14 matter. 03741_ Acquired 6 matter. 03743_ Dropped Cooling System. 03746_ Acquired Mak. Leg. Riot Gun falls loose from the Twisted Machinery. Piercing Trap falls loose from the Twisted Machinery. 03830_ Dropped Riot Gun. 03832_ Acquired 10 matter. 03848_ Acquired 5 matter. 03849_ S-10 Pest destroyed. 03867_ Acquired 8 matter. 03867_ EXIT=FOUND 03867_ Battle Cannon destroyed. 03868_ Lgt. Assault Rifle fries itself beyond repair. 03876_ Imp. Ion Engine destroyed. 03877_ Flight Unit fries itself beyond repair. Map ----- +----------------------------------------------------+ | ???????????????????????????# "# #??????? | | ???????????????????????????#####""% #??????? | | ???????????????????? ??????????##" #??????? | | ??????????????????? #????????# ##??????? | | ??????????????????? ?????##^ ^ ##???????? | | ?????????????????? #### ##???????? | | ?????????????????? #???????? | | ????????????????????# #### #???????? | | ????????????????????# # #???###???????? | | ???????????????????# ## ### #?????????????? | | ???????????????????## ???# ??# #?????????????? | | ?????????????????????????# ??##*|##?????????????? | | ?????????????????????????##???# !%#??????????????? | | ??????????????????????###<##??## =###????????????? | | ?????????????????????"""" """??# ##???????????? | | ?????????????????????" " " ??# #???????????? | | ?????????????????????? t t ??# #???????????? | | ?????????????????????? ???# #???????????? | | ??????????????????????? ???## ##??????????? | | ??????????????????????? ????#"" ####???????? | | ????????????????##???###% ##??## " #???????? | | ????????????????# ### % #??#""" ##??????? | | ????????????????# ""#?# ### #??????? | | ????????????????# ""#?#####??# #??????? | | ????????????????# "#????###### #??????? | | ??????????# @ #??### ##??????? | | ?????????? %### #?## """" #???????? | | ?????????? ???????## %#?# " &" #???????? | | ???????????????????????# ### " " #???????? | | ???????????????????????# # """" ##??????? | | ???????????????????????# [ #??????? | | ???????????????????????##% % #??????? | | ????????????????????????# ## ## ] ## #??????? | | ???????????????????????#""###### ## #?###??????? | | ??????????????????????""" "????##### #?????????? | | ????????????????????? """""???????? #?????????? | | ????????????????????? """""#??????? % ##?????????? | | ??????????????????????"""##??????? ??????????? | | ???????????????????????? ????????? % ??????????? | | ????????????????????????????????? ?????????? | | ????????????????????????????????? ?????????? | | ???????????????????????????????? #????????? | | ????????????????????????????????### ????????? | | ??????????????????????????????????# ????????? | | ??????????????????????????????????# ???????? | | ???????????????????????????????????## ????????? | | ?????????????????????????????????????# ??????????? | | ?????????????????????????????????????????????????? | | ?????????????????????????????????????????????????? | | ?????????????????????????????????????????????????? | +----------------------------------------------------+ Best States ------------- Heat Dissipation 25 Energy Generation 12 Energy Capacity 265 Matter Stores 300 Matter Capacity 300 Sight Range 16 Terrain Scan Density 10 Evasion (%) 55 Recoil Reduction 2 Item Schematics ----------------- None Robot Schematics ------------------ None Fabricated ------------ Nothing Alien Tech Used ----------------- None Achievements -------------- Loot Pinata Challenges ------------ None Game ------ Seed SingularityTiamatRail Manual? 0 Play Time 00:26:52 Cumulative 8.3 hours Start 2024.04.03 @ 16:20:30 End 2024.04.03 @ 16:47:37 Sessions 1 Manual Loads 0 Difficulty Rogue Special Mode None Game No. 9 Rogue 9 Adventurer 0 Explorer 0 Win Type - Total 0 Types 0/0/0/0/0/0/0/0/0 Lore% 6 Gallery% 14 Achievement% 13 Wizard Run 0 Options --------- Layout 1 ASCII 0 Keyboard 0 Movement Mouse Keybinds 0 Fullscreen 1 Font 24/Terminus Map View 50x35 Zoom Use 0% Tactical HUD 1 Map Filters NONE Filters NONE Steam 1 RUN: 4bb0dd9e-25c3-4c27-b420-aeb8837c24e8